 Dungeon Crawl Stone Soup version 0.30.0-29-ga12c61a403 (webtiles) character file.

Game seed: 7953839614769771280

23 monsoonserge the Ruffian (level 2, -7/25 HPs)
             Began as a Ghoul Gladiator on June 11, 2023.
             Mangled by a gnoll
             ... wielding a +0 flail
              (10 damage)
             ... on level 1 of the Dungeon.
             The game lasted 00:01:14 (357 turns).

monsoonserge the Ruffian (Ghoul Gladiator)           Turns: 357, Time: 00:01:15

Health: -7/25      AC:  4    Str: 17    XL:     2   Next: 95%
Magic:  1/1        EV: 12    Int:  3    God:
Gold:   67         SH:  0    Dex: 10    Spells: 1/1 levels left

rFire   . .          .
                       - Unarmed
rCold   + . .        (no shield)
rNeg    + + +        a - +0 leather armour
rPois   ∞            b - +0 helmet
rElec   .            (no cloak)
rCorr   .            (no gloves)
SInv    .            (no boots)
Will    .....        (no amulet)
Stlth   +            (no ring)
HPRegen 0.00/turn    (no ring)
MPRegen 0.07/turn

%: no passive effects
@: inhibited regen
A: claws 1, cold resistance 1, negative energy resistance 3, inhibited
regeneration, torment resistance 2, devour on kill
a: no special abilities


You were on level 1 of the Dungeon.
You visited 1 branch of the dungeon, and saw 1 of its levels.

You collected 67 gold pieces.

Inventory:

Missiles
 c - 3 throwing nets (quivered)
 d - a javelin
 f - 5 curare-tipped darts
Armour
 a - a +0 leather armour (worn)
 b - a +0 helmet (worn)
Scrolls
 e - a scroll of identify {unknown}
 g - a scroll of enchant armour {unknown}


   Skills:
 + Level 2.5 Fighting
 + Level 1.8 Throwing
 + Level 0.2 Armour
 + Level 2.9 Dodging
 * Level 3.8 Unarmed Combat


You had one spell level left.
You didn't know any spells.
Your spell library was empty.

Dungeon Overview and Level Annotations

Branches:
Dungeon (1/15)

Altars:


Innate Abilities, Weirdness & Mutations

You are immune to poison.
You have sharp fingernails.
Your flesh is cold resistant. (rC+)
You are immune to negative energy. (rN+++)
You do not regenerate when monsters are visible.
You are immune to unholy pain and torment.
You thrive by killing the living.


Message History

You feel better.
A dart slug comes into view.
Found 15 gold pieces.
The dart slug closely misses you. The dart slug barely misses you.
You claw the dart slug!
The dart slug is almost dead.
The dart slug launches a dart at you. The slug dart hits you.
You barely miss the dart slug.
The dart slug is almost dead.
You claw the dart slug!
You kill the dart slug!
You feel better.
You see here a dart slug corpse.
You now have 67 gold pieces (gained 15).
g - a scroll labelled DONTIDGH DA DOCHOR
Found a stone staircase leading down.
There is a stone staircase leading down here.
A goblin comes into view. It is wielding a +0 dagger.
The goblin shouts!
A gnoll comes into view. It is wielding a +0 flail.
The gnoll shouts!
You closely miss the goblin. The goblin barely misses you.
You claw the goblin!
You kill the goblin!
You barely miss the gnoll. The gnoll hits you with a +0 flail.
You closely miss the gnoll. The gnoll hits you with a +0 flail!
You barely miss the gnoll. The gnoll hits you with a +0 flail.
You barely miss the gnoll. The gnoll hits you with a +0 flail!
* * * LOW HITPOINT WARNING * * *
Sorry, you're not good enough to have a special ability.
You claw the gnoll!
The gnoll is heavily wounded.
You scratch the gnoll.
The gnoll is almost dead.
The gnoll closely misses you.
You barely miss the gnoll.
The gnoll is almost dead.
The gnoll hits you with a +0 flail!
You die...

#.......# #.##>. #####.##.#
#.##.. ##..# # #..... #.#.#
## ####.# ##.## #.# #.# #.#
... ##.# #>####.##.#. #..#
#######.##.g...... #.##
#.......##@# # #..(
#.####..##.#..#.#.#.####.##
#.....................
#.###.#.##............
#.#.# #.#.# .#.####...
.##.#.###.. . # #....†
.......####### #.#...
#.#.##.# .##.##.. #.#.##.#
........


You could see a gnoll.

Vanquished Creatures
  2 dart slugs (D:1)
  2 ball pythons (D:1)
  3 giant cockroaches (D:1)
  3 goblins (D:1)
  3 hobgoblins (D:1)
  2 quokkas (D:1)
15 creatures vanquished.

Notes
Turn   | Place    | Note
-------+----------+-------------------------------------------
     0 | D:1      | monsoonserge the Ghoul Gladiator began the quest for the
                  | Orb.
     0 | D:1      | Reached XP level 1. HP: 17/17 MP: 0/0
   157 | D:1      | Reached XP level 2. HP: 23/25 MP: 1/1
   357 | D:1      | Mangled by a gnoll

Illustrated notes

Levels and vault maps discovered:
D:1:      mrwooster_arrival_arrow, layout_loops_cross

Action                     || total
---------------------------++-------
  Melee: Unarmed           ||    58
 Armour: Leather armour    ||     9
  Dodge: Dodged            ||    32
